AoeStats
← 梦庄周

Black Forest

510250839Analyzed
4v4 RM · 1d ago on Sep 30, 2026· 76m 47s· 8 players
Game mode
Random Map
Map size
Large (8 player)
Population
200
Speed
Normal
Resources
Standard
Victory
Conquest
Starting age
Dark Age
Ending age
Imperial Age
RankedLock teamsTeams togetherTeam positionsShared explorationLock speedFull tech treeHidden civsTurbo modeCheats
Victory
Defeat
🇹🇼 Teutons · Taiwan
1179
+15
🇮🇳 Italians · India
1173
+15
🇨🇳 Lithuanians · China
1138
+17
🇲🇽 Britons · Mexico
1130
+18
🇹🇼 Saxons · Taiwan
1173
-17
🇨🇳 Bohemians · China
1170
-17
🇦🇺 Slavs · Australia
1154
-16
🇨🇳 Byzantines · China
1123
-15
AbIGwAteRmElOn
2:47 Loom
12:48 Feudal Age
13:29 Town Watch
14:20 Wheelbarrow
14:05 Horse Collar
14:16 Double-Bit Axe
25:35 Castle Age
23:46 Stone Mining
23:51 Gold Mining
26:53 Caravan
27:01 Caravan
30:08 Hand Cart
29:53 Town Patrol
30:37 Heavy Plow
35:09 Imperial Age
34:10 Fletching
34:31 Forging
35:21 Husbandry
35:31 Bloodlines
36:04 Bow Saw
36:39 Gold Shaft Mining
36:21 Detinets
36:42 Conscription
37:17 Iron Casting
36:50 Scale Barding Armor
36:40 Bodkin Arrow
37:53 Two-Man Saw
36:38 Light Cavalry
37:59 Crop Rotation
38:16 Chain Barding Armor
38:59 Blast Furnace
38:35 Masonry
38:40 Fortified Wall
38:37 Capped Ram
39:56 Hoardings
39:31 Elite Boyar
41:38 Druzhina
41:51 Siege Ram
44:09 Plate Barding Armor
45:36 Padded Archer Armor
45:39 Scale Mail Armor
45:03 Pikeman
45:43 Squires
49:13 Coinage
48:34 Hussar
48:34 Cavalier
49:54 Ballistics
50:34 Chemistry
49:45 Masonry
49:35 Murder Holes
49:46 Siege Engineers
49:32 Guard Tower
53:50 Banking
60:19 Chain Mail Armor
60:27 Leather Archer Armor
60:10 Crossbowman
60:10 Elite Skirmisher
61:43 Plate Mail Armor
62:57 Ring Archer Armor
韓國魚
0:34 Loom
9:53 Feudal Age
15:33 Castle Age
13:41 Double-Bit Axe
13:49 Town Watch
14:01 Horse Collar
16:46 Bow Saw
19:27 Heavy Plow
24:00 Wheelbarrow
27:31 Hand Cart
28:44 Gold Mining
28:50 Stone Mining
32:20 Imperial Age
31:10 Gold Shaft Mining
30:29 Fletching
30:39 Padded Archer Armor
30:56 Bloodlines
30:50 Husbandry
31:54 Caravan
32:32 Thumb Ring
31:50 Light Cavalry
32:35 Bodkin Arrow
32:55 Leather Archer Armor
33:03 Ballistics
34:28 Two-Man Saw
35:02 Bracer
35:32 Ring Archer Armor
35:12 Forging
35:03 Scale Mail Armor
36:06 Chemistry
35:57 Conscription
36:16 Hoardings
35:57 Fortified Wall
35:58 Masonry
35:16 Cranequins
35:55 Heavy Mounted Crossbowman
37:27 Crop Rotation
38:16 Hussar
39:49 Architecture
39:25 Siege Engineers
41:38 Elite Skirmisher
番茄没有酒
1:07 Loom
12:27 Feudal Age
15:07 Horse Collar
17:35 Castle Age
15:26 Double-Bit Axe
16:45 Stone Mining
18:19 Wheelbarrow
18:57 Bow Saw
20:40 Heavy Plow
24:02 Gold Mining
25:58 Gold Shaft Mining
28:56 Hand Cart
29:51 Scale Barding Armor
34:57 Imperial Age
33:56 Chain Barding Armor
35:33 Stone Shaft Mining
35:54 Forging
37:13 Conscription
37:08 Logistica
37:41 Husbandry
39:05 Crop Rotation
39:25 Heavy Camel Rider
41:08 Plate Barding Armor
42:14 Ballistics
42:05 Fortified Wall
41:38 Treadmill Crane
42:16 Caravan
43:08 Iron Casting
42:57 Light Cavalry
43:38 Hussar
48:00 Two-Man Saw
54:37 Cavalier
56:30 Scale Mail Armor
58:47 Fletching
58:57 Padded Archer Armor
59:52 Bodkin Arrow
62:29 Elite Skirmisher
64:01 Hoardings
64:07 Hoardings
64:36 Leather Archer Armor
64:22 Bracer
65:56 Chemistry
67:01 Thumb Ring
67:46 Greek Fire
69:03 Elite Cataphract
74:43 Crossbowman
75:39 Arbalester
XGPU1741
3:57 Loom
11:18 Feudal Age
11:54 Double-Bit Axe
16:07 Castle Age
17:12 Bow Saw
17:54 Fervor
17:37 Horse Collar
22:02 Wheelbarrow
23:30 Heavy Plow
24:24 Hand Cart
29:13 Imperial Age
28:08 Chemistry
26:50 Pikeman
28:31 Forging
28:23 Scale Mail Armor
28:31 Squires
28:50 Wagenburg Tactics
29:56 Halberdier
31:16 Iron Casting
31:55 Two-Man Saw
31:15 Chain Mail Armor
31:32 Houfnice
32:33 Siege Engineers
33:33 Blast Furnace
33:28 Conscription
35:15 Caravan
37:59 Plate Mail Armor
37:37 Scale Barding Armor
37:24 Fletching
42:25 Elite Hussite Wagon
49:20 Bodkin Arrow
49:15 Arrowslits
70:26 Elite Skirmisher
72:08 Bracer
72:11 Padded Archer Armor
72:36 Ballistics
Hari_Seldon
1:03 Loom
12:50 Feudal Age
13:36 Double-Bit Axe
19:39 Castle Age
17:48 Horse Collar
18:54 Fletching
19:34 Forging
22:35 Bodkin Arrow
24:43 Wheelbarrow
24:39 Stone Mining
25:47 Bow Saw
28:58 Gold Mining
31:19 Fortified Wall
32:06 Padded Archer Armor
32:51 Crossbowman
34:14 Town Watch
36:59 Hand Cart
40:54 Imperial Age
42:57 Two-Man Saw
41:57 Bracer
42:20 Ballistics
42:30 Town Patrol
42:10 Arbalester
43:43 Leather Archer Armor
44:30 Chemistry
45:27 Gold Shaft Mining
45:24 Ring Archer Armor
45:06 Masonry
44:44 Pikeman
45:32 Halberdier
47:09 Scale Mail Armor
46:52 Onager
47:42 Capped Ram
51:35 Yeomen
52:37 Architecture
52:40 Chain Mail Armor
54:27 Plate Mail Armor
56:12 Iron Casting
56:39 Warwolf
58:38 Blast Furnace
57:39 Squires
60:04 Elite Skirmisher
61:02 Heavy Scorpion
63:14 Siege Engineers
65:40 Elite Longbowman
Vector
0:31 Loom
10:49 Feudal Age
17:07 Castle Age
15:07 Horse Collar
22:18 Double-Bit Axe
25:09 Gold Mining
25:41 Stone Mining
27:02 Wheelbarrow
28:24 Heavy Plow
31:31 Imperial Age
29:31 Fletching
29:42 Padded Archer Armor
30:56 Bodkin Arrow
32:13 Thumb Ring
33:29 Chemistry
32:52 Ballistics
33:24 Bracer
33:40 Leather Archer Armor
33:53 Conscription
36:48 Fortified Wall
36:33 Elite Genoese Crossbowman
37:29 Scale Mail Armor
37:40 Forging
38:19 Heavy Plow
38:48 Squires
44:36 Iron Casting
44:17 Chain Mail Armor
44:32 Ring Archer Armor
58:10 Bombard Tower
58:44 Guard Tower
58:40 Arrowslits
60:38 Keep
71:14 Caravan
72:06 Bloodlines
71:18 Light Cavalry
72:02 Husbandry
74:20 Scale Barding Armor
梦庄周
8:52 Loom
11:36 Feudal Age
12:24 Double-Bit Axe
15:26 Castle Age
13:11 Horse Collar
16:44 Bow Saw
18:55 Heavy Plow
21:24 Wheelbarrow
24:28 Gold Mining
24:29 Stone Mining
24:55 Hand Cart
24:51 Town Watch
30:08 Imperial Age
28:43 Scale Barding Armor
28:48 Forging
29:17 Treadmill Crane
29:59 Ballistics
29:51 Masonry
30:51 Stone Shaft Mining
30:59 Chain Barding Armor
31:15 Iron Casting
31:02 Bloodlines
30:52 Husbandry
31:21 Conscription
31:37 Guilds
31:28 Caravan
31:59 Coinage
31:36 Cavalier
33:44 Chemistry
33:16 Architecture
32:21 Elite Leitis
33:56 Plate Barding Armor
34:32 Banking
37:56 Hoardings
46:37 Fletching
47:34 Bodkin Arrow
51:24 Bracer
51:24 Murder Holes
53:48 Capped Ram
57:51 Two-Man Saw
66:43 Paladin
68:49 Town Patrol
michaelye023755
0:27 Loom
11:38 Feudal Age
12:38 Double-Bit Axe
17:34 Castle Age
18:38 Bow Saw
21:27 Stone Mining
21:35 Horse Collar
25:01 Gold Mining
29:27 Wheelbarrow
33:00 Imperial Age
31:40 Forging
31:30 Scale Mail Armor
30:53 Pikeman
31:33 Squires
31:55 Hand Cart
31:26 Town Watch
33:30 Iron Casting
32:45 Fletching
33:39 Town Patrol
34:54 Chemistry
33:38 Halberdier
34:03 Arson
36:10 Blast Furnace
35:26 Chain Mail Armor
35:02 Fletching
37:53 Siege Engineers
38:10 Ballistics
38:30 Conscription
38:53 Plate Mail Armor
38:19 Bodkin Arrow
39:25 Masonry
39:40 Crenellations
39:59 Hoardings
43:04 Two-Man Saw
42:07 Heavy Plow
59:49 Crop Rotation
65:18 Guilds
70:16 Scale Barding Armor
71:17 Chain Barding Armor
72:33 Plate Barding Armor
71:49 Cavalier
72:39 Bloodlines
72:51 Paladin
Connection lost

Rejoining the realm…

Still unreachable

The connection could not be restored.

Session expired

The server has moved on; the page needs a fresh start.